 Dungeon Crawl Stone Soup version 0.30-a0-824-g6c64550be9 (webtiles) character file.

Game seed: 4307535237174247466

327 bande the Covered (level 6, -1/37 HPs)
             Began as a Gargoyle Fighter on Feb 27, 2023.
             Slain by Grinder (3 damage)
             ... on level 4 of the Dungeon on Feb 28, 2023.
             The game lasted 00:06:08 (3195 turns).

bande the Covered (Gargoyle Fighter)                Turns: 3195, Time: 00:06:08

Health: -1/37      AC: 16    Str: 19    XL:     6   Next: 50%
Magic:  6/6        EV:  5    Int:  9    God:
Gold:   215        SH:  4    Dex: 11    Spells: 5/5 levels left

rFire   . . .      SeeInvis .    a - +0 war axe
rCold   . . .      Faith    .    c - +0 buckler
rNeg    + . .      Spirit   .    k - +0 plate armour
rPois   ∞          Reflect  .    (no helmet)
rElec   +          Harm     .    (no cloak)
rCorr   .          Rampage  .    (no gloves)
Will    .....                    (no boots) Stlth
                                 (no amulet)
HPRegen 0.26/turn                (no ring)
MPRegen 0.10/turn                (no ring)

@: no status effects
A: sickness immunity, AC +4, negative energy resistance 1, electricity
resistance, torment resistance 1, petrification resistance
a: no special abilities


You were on level 4 of the Dungeon.
You visited 1 branch of the dungeon, and saw 4 of its levels.

You collected 215 gold pieces.

Inventory:

Hand Weapons
 a - a +0 war axe (weapon)
 s - a +0 flail
Armour
 c - a +0 buckler (worn)
 k - a +0 plate armour (worn)
Scrolls
 e - a scroll of brand weapon {unknown}
 f - a scroll of silence {unknown}
 g - 3 scrolls of identify {unknown}
 j - a scroll of magic mapping {unknown}
 l - 3 scrolls of teleportation {unknown}
 p - a scroll of blinking {unknown}
 q - a scroll of torment {unknown}
 t - a scroll of amnesia {unknown}
Potions
 b - a potion of curing
 d - 2 potions of haste {unknown}
 h - a potion of flight {unknown}
 i - 2 potions of heal wounds {unknown}
 m - 2 potions of mutation {unknown}
 n - 3 potions of degeneration {unknown}
 o - a potion of lignification {unknown}
 r - a potion of magic {unknown}


   Skills:
 - Level 3.5 Fighting
 + Level 4.6 Axes
 + Level 4.7 Armour
 + Level 4.3 Shields


You had 5 spell levels left.
You didn't know any spells.
Your spell library was empty.

Dungeon Overview and Level Annotations

Branches:
Dungeon (4/15)
 Temple: D:4-7

Altars:
Dithmenos
Zin

Shops:
D:2 *   D:4 =[(

Annotations:
D:4 Grinder


Innate Abilities, Weirdness & Mutations

You are immune to sickness and miasma.
Your stone body is resilient. (AC +4)
You are immune to poison.
You resist negative energy. (rN+)
You are resistant to electric shocks. (rElec)
You are resistant to unholy torment.
You are immune to petrification.


Message History

You completely miss the gnoll. Grinder gestures at you.
You resist with significant effort. The gnoll hits you but does no damage.
Grinder hits you but does no damage. The gnoll hits you but does no damage.
You hit Grinder.
Grinder is lightly wounded.
You barely miss the gnoll.
Grinder grins, showing sharp teeth.
Grinder hits you but does no damage. The gnoll hits you with a +0 club.
Unknown command.
You slash Grinder!
Grinder is moderately wounded.
You hit the gnoll.
Grinder says, "DUCK!"
Grinder gestures at you.
You suddenly lose the ability to move!
The gnoll hits you with a +0 club!
* * * LOW HITPOINT WARNING * * *
Grinder gestures at you.
You shrug off the repeated paralysis!
The gnoll completely misses you.
Grinder blinks!
The gnoll barely misses you.
You can move again.
It was a potion of curing.
You feel better. Grinder hits you but does no damage.
The gnoll hits you but does no damage.
You slash the gnoll!
The gnoll is almost dead.
You slash Grinder! Grinder hits you. You block the gnoll's attack.
You hit the gnoll but do no damage.
The gnoll is almost dead.
You closely miss Grinder. Grinder hits you but does no damage.
The gnoll hits you with a +0 club.
* * * LOW HITPOINT WARNING * * *
Grinder hits you!
* * * LOW HITPOINT WARNING * * *
You writhe in agony.
* * * LOW HITPOINT WARNING * * *
The gnoll hits you but does no damage.
You hit the gnoll.
The gnoll is almost dead.
You hit Grinder. Grinder hits you.
You die...

#).#
#..#
#..#
##..#
#...#
#...#
#...#
#..5#
#..@#
#.g.#
#..<.#
#.♣..#
♣.∩.♣.
##♣...
#####


You could see Grinder and a gnoll.

Vanquished Creatures
  A howler monkey (D:4)
  A gnoll bouda (D:4)
  An orc wizard (D:3)
  5 gnolls
  9 adders
  2 ufetubi (D:4)
  A worm (D:3)
  3 dart slugs
  5 orcs
  6 ball pythons
  5 bats
  6 endoplasms
  2 giant cockroaches
  8 hobgoblins
  5 quokkas
  7 frilled lizards
  13 goblins
  7 kobolds
  4 rats
91 creatures vanquished.

Notes
Turn   | Place    | Note
-------+----------+-------------------------------------------
     0 | D:1      | bande the Gargoyle Fighter began the quest for the Orb.
     0 | D:1      | Reached XP level 1. HP: 14/14 MP: 1/1
   245 | D:1      | Reached XP level 2. HP: 19/19 MP: 2/2
   642 | D:1      | Reached XP level 3. HP: 22/23 MP: 3/3
   927 | D:2      | Found Jimoor's Assorted Antiques.
   979 | D:2      | Found a shadowy altar of Dithmenos.
  1347 | D:2      | Reached XP level 4. HP: 28/28 MP: 4/4
  1926 | D:3      | Reached XP level 5. HP: 32/32 MP: 5/5
  1941 | D:3      | Found a faded altar of an unknown god.
  2793 | D:4      | Found Ifihef's Antique Weapon Boutique.
  2850 | D:4      | Found a glowing silver altar of Zin.
  2896 | D:4      | Reached XP level 6. HP: 26/37 MP: 6/6
  2949 | D:4      | Found Ammuo's Armour Emporium.
  2986 | D:4      | Found Buil's Armour Shop.
  3167 | D:4      | Noticed Grinder
  3168 | D:4      | Found Fiowibb's Jewellery Shop.
  3173 | D:4      | Paralysed by Grinder for 2 turns
  3179 | D:4      | Paralysed by Grinder for 2 turns
  3189 | D:4      | Paralysed by Grinder for 3 turns
  3195 | D:4      | Slain by Grinder

Illustrated notes

Levels and vault maps discovered:
D:1:      dpeg_arrival_rooms_with_view, layout_loops_ring,
          minmay_split_cup_large
D:2:      layout_loops_corners, serial_shops, nicolae_shop_waterfront,
          basic_altar
D:3:      layout_rooms, dreamdust_ecumenical_altar_statues, kennysheep_potato
D:4:      minmay_spotlight, layout_loops_ring, kennysheep_mini_moat,
          serial_shops, shop_coins, shop, shop_fountains, nicolae_shop_crystal,
          nicolae_shop_trees, nicolae_take_the_stairs, minmay_between,
          uniq_grinder

Skill      XL: |  1  2  3  4  5 |
---------------+----------------+-----
Axes           | 2 3 4 |  4.6
Armour         | 4 |  4.7
Shields        | 4 |  4.3
Fighting       | |  3.5

Action                     |  1- 3 |  4- 6 || total
---------------------------+-------+-------++-------
  Melee: War axe           |   118 |   195 ||   313
    Use: Potion            |       |     2 ||     2
 Armour: Scale mail        |    29 |       ||    29
         Plate armour      |    63 |   201 ||   264
  Dodge: Dodged            |    50 |    59 ||   109
  Block: Buckler           |    29 |    60 ||    89

Table legend: (Time is in decaauts)
 A = Elapsed time spent in this place.
 B = Non-inter-level travel time spent in this place.
 C = Inter-level travel time spent in this place.
 D = Time resting spent in this place.
 E = Time spent auto-exploring this place.
 F = Levels seen in this place.
 G = Mean time per level.
                   A        B        C        D        E       F      G
               +--------+--------+--------+--------+--------+-----+--------+
         Total |   3317 |   3228 |     89 |    491 |   1942 |   4 |  829.2 |
       Dungeon |   3317 |   3228 |     89 |    491 |   1942 |   4 |  829.2 |
               +--------+--------+--------+--------+--------+-----+--------+

Top non-repeatable levels by time:
     D:3: 1023 daAuts
     D:2: 927 daAuts
     D:1: 792 daAuts
     D:4: 573 daAuts
